 Dungeon Crawl Stone Soup version 0.31-a0-236-g9a0961fb85 (webtiles) character file.

Game seed: 12472231662372536003

34 qw the Shooter (level 3, -2/29 HPs)
             Began as a Minotaur Hexslinger on July 10, 2023.
             Slain by Sigmund
             ... wielding a +0 scythe
              (11 damage)
             ... on level 2 of the Dungeon.
             The game lasted 00:00:21 (570 turns).

qw the Shooter (Minotaur Hexslinger)                 Turns: 570, Time: 00:00:22

Health: -2/29      AC:  3    Str: 12    XL:     3   Next: 14%
Magic:  3/3        EV: 12    Int: 10    God:
Gold:   23         SH:  0    Dex: 14    Spells: 3/4 levels left

rFire   . . .        Y - +1 sling
rCold   . . .        (no shield)
rNeg    . . .        e - +0 leather armour
rPois   .            (helmet restricted)
rElec   .            (no cloak)
rCorr   .            (no gloves)
SInv    .            (no boots)
Will    .....        (no amulet)
Stlth   +            (no ring)
HPRegen 0.24/turn    (no ring)
MPRegen 0.08/turn

%: no passive effects
@: no status effects
A: horns 2, retaliatory headbutt
a: no special abilities


You were on level 2 of the Dungeon.
You visited 1 branch of the dungeon, and saw 2 of its levels.

You collected 23 gold pieces.


Innate Abilities, Weirdness & Mutations

You have a pair of horns on your head.
You reflexively headbutt those who attack you in melee.


   Skills:
 - Level 2.0 Fighting
 + Level 3.7 Ranged Weapons
 - Level 2.1 Dodging
 - Level 1.0 Spellcasting
 - Level 2.0 Hexes


You had 3 spell levels left.
You knew the following spells:

 Your Spells              Type           Power      Damage    Failure   Level
a - Slow                  Hex            16%        N/A       19%         1

Your spell library contained the following spells:

 Spells                   Type           Power      Damage    Failure   Level
 Inner Flame              Hex/Fire       2%         N/A       65%         3
 Portal Projectile        Hex/Tloc       4%         N/A       65%         3
 Cause Fear               Hex            2%         N/A       88%         4

Inventory:

Hand Weapons
 Y - a +1 sling (weapon)
Armour
 e - a +0 leather armour (worn)

Dungeon Overview and Level Annotations

Branches:
Dungeon (2/15)

Altars:

Annotations:
D:2 Sigmund


Message History

You shoot a sling bullet.
The sling bullet hits the dart slug but does no damage.
The dart slug is moderately wounded.
You shoot a sling bullet. The sling bullet hits the dart slug.
The dart slug is heavily wounded.
The dart slug bites you.
You shoot a sling bullet. The sling bullet hits the dart slug.
You kill the dart slug!
Found a stone staircase leading down.
You see here a dart slug corpse.
You now have 12 gold pieces (gained 9).
You now have 23 gold pieces (gained 11).
A frilled lizard comes into view.
You shoot a sling bullet. The frilled lizard hisses angrily.
The sling bullet hits the frilled lizard.
You kill the frilled lizard!
Sigmund the Dreaded comes into view.
He is wielding a +0 scythe.
Sigmund shouts!
Sigmund gestures at you while chanting.
You are confused.
Sigmund gestures at you while chanting.
You are more confused.
Sigmund mumbles some strange words.
Sigmund flickers and vanishes!
Deactivating autopickup; reactivate with Ctrl-A.
You shoot a sling bullet. Something hits you!
You shoot a sling bullet. You shoot a sling bullet.
Something completely misses you.
You shoot a sling bullet.
You hear some strange, mumbled words.
A puff of flame appears from out of thin air!
The puff of flame hits you.
You shoot a sling bullet.
You feel less confused.
A magic dart appears from out of thin air!
The magic dart hits you. Something hits you!
You die...

#.......#
........#
####.##.#
........#
####.##.#
........#
#.......#
........#
#.##.####
........# #....#
.......{# ##..###
........# ###..##
.......@####....#
#####......#.##.#
#........##.#
#.......###.#
#......## #.#
#......# #.#
#%.....# #.#
........# .#
###......#


There were no monsters in sight!

Vanquished Creatures
  An adder (D:1)
  A dart slug (D:2)
  2 ball pythons (D:1)
  3 hobgoblins (D:1)
  2 jackals (D:1)
  3 quokkas (D:1)
  4 bats (D:1)
  A frilled lizard (D:2)
  2 kobolds (D:1)
  3 rats (D:1)
22 creatures vanquished.

Notes
Turn   | Place    | Note
-------+----------+-------------------------------------------
     0 | D:1      | qw the Minotaur Hexslinger began the quest for the Orb.
     0 | D:1      | Reached XP level 1. HP: 16/16 MP: 1/1
     0 | D:1      | 0 ||| qw: Version: 0.3-a-52-g30416fa
     0 | D:1      | 0 ||| qw: Game counter: 4799
     0 | D:1      | 0 ||| qw: Melee chars always use a shield: true
     0 | D:1      | 0 ||| qw: God list: Okawaru
     0 | D:1      | 0 ||| qw: Allow faded altars: false
     0 | D:1      | 0 ||| qw: Do Orc after clearing Dungeon:15 true
     0 | D:1      | 0 ||| qw: Do second Lair branch before Depths: true
     0 | D:1      | 0 ||| qw: Lair rune preference: random
     0 | D:1      | 0 ||| qw: Goals: Normal
     0 | D:1      | 0 ||| PLANNING D:1-11
   142 | D:1      | Reached skill level 3 in Ranged Weapons
   142 | D:1      | Reached XP level 2. HP: 23/23 MP: 2/2
   365 | D:1      | 365 ||| UPGRADING to +0 leather armour.
   375 | D:1      | 375 ||| DROPPING +0 robe.
   376 | D:1      | 376 ||| DROPPING ring of wizardry.
   377 | D:1      | 377 ||| READING scroll labelled BOSTRU TEIHEOB.
   378 | D:1      | 378 ||| READING scroll labelled LUBRIANEKE.
   379 | D:1      | 379 ||| READING scroll labelled ZEOTHI JESOT.
   380 | D:1      | 380 ||| DROPPING scroll of poison.
   404 | D:2      | 404 ||| STAIRDANCE
   417 | D:2      | 417 ||| STAIRDANCE
   425 | D:1      | Reached XP level 3. HP: 24/29 MP: 3/3
   447 | D:2      | 447 ||| STAIRDANCE
   559 | D:2      | Noticed Sigmund
   570 | D:2      | Slain by Sigmund

Levels and vault maps discovered:
D:1:      dpeg_arrival_orchard, layout_rooms, minmay_pentomino_r2
D:2:      layout_basic, serial_shops, shop, shop, shop, shop,
          grunt_ministairs_2, uniq_sigmund, uniq_robin

Skill      XL: |  1  2 |
---------------+-------+-----
Ranged Weapons | 3 |  3.7
Fighting       | 2 |  2.0
Dodging        | |  2.1
Spellcasting   | |  1.0
Hexes          | |  2.0

Action                     || total
---------------------------++-------
   Fire: Sling             ||    90
    Use: Scroll            ||     3
 Armour: Robe              ||     9
         Leather armour    ||    12
  Dodge: Dodged            ||    57

Table legend:
 A = Non-vault XP
 B = Vault XP
 C = Vault XP percentage of total XP
 D = Non-vault monster count
 E = Vault monster count
 F = Vault count percentage of total count
                 A         B        C        D         E       F
            +---------+---------+-------+---------+---------+-------
      Total |      31 |      18 |  36.7 |      18 |       4 |  18.2
            +---------+---------+-------+---------+---------+-------
        D:1 |      26 |      18 |  40.9 |      16 |       4 |  20.0
        D:2 |       5 |       0 |   0.0 |       2 |       0 |   0.0
            +---------+---------+-------+---------+---------+-------
